 Dungeon Crawl Stone Soup version 0.19.1 (console) character file.

6694 Morrissey the Carver (level 10, 0/83 HPs)
             Began as a Demonspawn Gladiator on Dec 21, 2016.
             Was an Elder of Okawaru.
             Slain by Erolcha
             ... wielding a +4 giant club
              (16 damage)
             ... on level 9 of the Dungeon.
             The game lasted 00:16:28 (6649 turns).

Morrissey the Carver (Demonspawn Gladiator)         Turns: 6649, Time: 00:16:28

Health: 0/83       AC: 12    Str: 23    XL:     10   Next: 74%
Magic:  10/10      EV: 14    Int: 10    God:    Okawaru [****..]
Gold:   622        SH:  0    Dex: 14    Spells: 0 memorised, 9 levels left

rFire  . . .     SeeInvis +     a - +1 scimitar (elec)
rCold  . . .     Gourm    .     w - +0 troll leather armour
rNeg   . . .     Faith    .     (no shield)
rPois  .         Spirit   .     c - +0 helmet
rElec  .         Reflect  .     v - +2 cloak {+Inv}
rCorr  .         Harm     .     (no gloves)
MR     .....                    m - +1 pair of boots
Stlth  +.........               I - amulet of regeneration
                                N - ring of see invisible
                                g - ring of flight

@: mighty
A: claws 2, yellow scales 1, powered by pain 1, spiny 3
a: Heroism, Renounce Religion, Evoke Invisibility, Evoke Flight


You were on level 9 of the Dungeon.
You worshipped Okawaru.
Okawaru was greatly pleased with you.
You were not hungry.

You visited 1 branch of the dungeon, and saw 9 of its levels.
You visited the Abyss 1 time.

You collected 622 gold pieces.

Inventory:

Hand Weapons
 a - a +1 scimitar of electrocution (weapon)
 y - the +2 whip of the Unliving {flame, rC+}
   (You took it off an orc on level 4 of the Dungeon)

   It has been specially enchanted to burn those struck by it, causing extra
   injury to most foes and up to half again as much damage against particularly
   susceptible opponents.
   It protects you from cold.
Armour
 c - a +0 helmet (worn)
 m - a +1 pair of boots (worn)
 v - a +2 cloak of invisibility (worn)
 w - a +0 troll leather armour (worn)
 G - a +0 buckler
Jewellery
 g - a ring of flight (left claw)
 A - an uncursed amulet of guardian spirit
 D - an uncursed ring of fire
 E - an uncursed ring of ice
 I - an amulet of regeneration (around neck)
 M - an uncursed amulet of magic regeneration
 N - a ring of see invisible (right claw)
Wands
 d - a wand of lightning (0/15)
 C - a wand of digging (17/24)
 F - a wand of random effects (25/48)
 P - a wand of flame (26/48)
Scrolls
 e - 8 scrolls of remove curse
 h - 4 scrolls of teleportation
 i - 4 scrolls of recharging
 k - a scroll of identify
 s - a scroll of random uselessness
 t - a scroll of fog
Potions
 n - a potion of invisibility
 p - 2 potions of flight
 r - 2 potions of brilliance
 x - a potion of cure mutation
 z - a potion of mutation
 K - a potion of agility
 O - a potion of haste
Comestibles
 b - 4 fruits
 f - 4 bread rations
 j - 3 beef jerkies
 l - a royal jelly
 o - 2 meat rations


   Skills:
 + Level 9.4 Fighting
 * Level 11.8 Long Blades
 - Level 3.0 Throwing
 + Level 4.5 Dodging


You had 9 spell levels left.
You didn't know any spells.

Dungeon Overview and Level Annotations

Branches:
Dungeon (9/15)             Temple (0/1) D:7
   Lair: D:8-11         Orc: D:9-12

Altars:
Cheibriados
Okawaru
Ru
Vehumet
Yredelemnul
Zin
The Shining One

Shops:
D:8 (

Annotations:
D:9 Erolcha


Innate Abilities, Weirdness & Mutations

You have very sharp fingernails.
You are partially covered in yellow scales. (AC +2)
You sometimes gain a little power by taking damage.
You are completely covered in sharp spines.


Message History

Zapping:
d - a wand of lightning {zapped: 5} (will waste charges)
Press: ? - help, Shift-Dir - straight line, f/p - Erolcha
Aim: Erolcha, wielding an enchanted giant club and wearing a robe (moderately wounded)
You hear a mighty clap of thunder!
The bolt of lightning misses Erolcha. x2
Evoking this partially-identified wand wasted a few charges.
Evoke which item? (* to show all) (? for menu, Esc to quit)
Zapping:
d - a wand of lightning {zapped: 7} (will waste charges)
Press: ? - help, Shift-Dir - straight line, f/p - Erolcha
Aim: Erolcha, wielding an enchanted giant club and wearing a robe (moderately wounded) Nothing appears to happen.
The howler monkey hoots and howls with incredible vigour!
Erolcha gestures at you while chanting. The bolt of lightning hits you!
* * * LOW HITPOINT WARNING * * *
You focus on the pain.
You feel very mighty all of a sudden.
Okay, then.
Erolcha hits you with an enchanted giant club!
You die...

#......#.# ...
#......#.###O.........
#......+..............
#......#...............
+......'.# #........#
#.....K#.######........#
#.....[#...............#
#.....K#.###..O.........
#......#.###..@........#
#..........h............
########.###....)...##
#...###.#..........####
####..(........##(........
[.).......................
###............#.(..###...
#....##......#/(..# ..
#............##..####..#


You could see Erolcha and a howler monkey.

Vanquished Creatures
  A tentacled starspawn (Abyss:2)
  The ghost of kwasso the Shield-Bearer, a novice DDFi of Ru (D:8)
  Pikel (D:7)
  A troll (D:9)
  2 hippogriffs
  A golden eye (Abyss:2)
  2 small abominations (Abyss:2)
  Grum (D:9)
  Menkaure (D:7)
  3 ice beasts
  An orc warrior (D:7)
  A black bear (D:9)
  A sky beast (D:7)
  2 slaves (D:7)
  2 phantoms
  A necrophage (D:9)
  3 ogres
  A wolf (D:9)
  2 centaurs (D:5)
  The ghost of Turgon the Insei, an amateur DsCK of Xom (D:3)
  2 big kobolds
  2 bullfrogs (D:6)
  A wyvern zombie (D:6)
  A scorpion (D:4)
  5 howler monkeys
  2 crimson imps
  A bullfrog zombie (D:8)
  An orc priest (D:7)
  2 jellies
  Crazy Yiuf (D:2)
  5 hounds
  An iron imp (Abyss:2)
  An iguana (D:5)
  5 orc wizards
  8 worker ants
  A hound skeleton (D:7)
  2 howler monkey skeletons
  2 adders
  3 shadow imps
  A white imp (Abyss:2)
  An ooze (D:6)
  2 adder zombies
  2 worms (D:2)
  6 leopard geckos
  32 orcs
  A ball python (D:1)
  6 bats
  5 giant cockroaches
  7 goblins
  4 hobgoblins
  6 jackals
  16 kobolds
  2 quokkas
  7 frilled lizards
  A jackal zombie (D:7)
  2 leopard gecko skeletons
  2 quokka skeletons
  14 rats
  2 fungi (D:2)
194 creatures vanquished.

Vanquished Creatures (others)
  A slave (D:7)
  2 starspawn tentacles (Abyss:2)
3 creatures vanquished.

Grand Total: 197 creatures vanquished

Notes
Turn   | Place    | Note
-------+----------+-------------------------------------------
     0 | D:1      | Morrissey the Demonspawn Gladiator began the quest for the Orb.
     0 | D:1      | Reached XP level 1. HP: 16/16 MP: 1/1
   274 | D:1      | Gained mutation: You have sharp fingernails. [demonic ancestry]
   274 | D:1      | Reached XP level 2. HP: 22/22 MP: 2/2
   471 | D:1      | Reached skill level 3 in Long Blades
   787 | D:2      | Found a faded altar of an unknown god.
   830 | D:2      | Gained mutation: You are partially covered in sharp spines. [demonic ancestry]
   830 | D:2      | Reached XP level 3. HP: 22/28 MP: 3/3
  1597 | D:2      | Found a glowing silver altar of Zin.
  1675 | D:2      | Found a runed door.
  1679 | D:2      | Noticed Crazy Yiuf
  1689 | D:2      | Killed Crazy Yiuf
  1689 | D:2      | Gained mutation: You are mostly covered in sharp spines. [demonic ancestry]
  1689 | D:2      | Reached XP level 4. HP: 14/34 MP: 4/4
  2291 | D:3      | Noticed Turgon's ghost (amateur DsCK)
  2311 | D:3      | Killed Turgon's ghost
  2311 | D:3      | Gained mutation: You are partially covered in yellow scales. (AC +2) [demonic ancestry]
  2311 | D:3      | Reached XP level 5. HP: 23/41 MP: 5/5
  2397 | D:3      | Found a glowing golden altar of the Shining One.
  2694 | D:4      | Noticed a phantom
  2723 | D:4      | Reached skill level 4 in Long Blades
  2727 | D:4      | Killed a phantom
  2727 | D:4      | Gained mutation: You are completely covered in sharp spines. [demonic ancestry]
  2727 | D:4      | Reached XP level 6. HP: 36/47 MP: 6/6
  2741 | D:4      | Found a basalt altar of Yredelemnul.
  2746 | D:4      | Found a snail-covered altar of Cheibriados.
  2746 | D:4      | Found an iron altar of Okawaru.
  2756 | D:4      | Became a worshipper of Warmaster Okawaru
  2806 | D:4      | Got an iridescent whip {flame}
  2807 | D:4      | Identified the cursed +2 whip of the Unliving {flame, rC+} (You took it off an orc on level 4 of the Dungeon)
  2837 | D:4      | Reached skill level 5 in Long Blades
  3020 | D:5      | Entered Level 5 of the Dungeon
  3167 | D:6      | Reached XP level 7. HP: 7/54 MP: 7/7
  3432 | D:5      | Reached * piety under Okawaru
  3769 | D:5      | Reached skill level 6 in Long Blades
  3978 | D:5      | Reached skill level 5 in Fighting
  4238 | D:6      | Gained mutation: You sometimes gain a little power by taking damage. [demonic ancestry]
  4238 | D:6      | Reached XP level 8. HP: 55/62 MP: 4/8
  4244 | D:6      | Reached skill level 7 in Long Blades
  4782 | D:7      | Found a sacrificial altar of Ru.
  4967 | D:7      | Reached ** piety under Okawaru
  4967 | D:7      | Reached skill level 8 in Long Blades
  5079 | D:7      | Noticed Pikel
  5094 | D:7      | Killed Pikel
  5094 | D:7      | Reached skill level 9 in Long Blades
  5094 | D:7      | Gained mutation: You have very sharp fingernails. [demonic ancestry]
  5094 | D:7      | Reached XP level 9. HP: 65/71 MP: 9/9
  5107 | D:7      | Noticed Menkaure
  5114 | D:7      | Killed Menkaure
  5125 | D:7      | Found a staircase to the Ecumenical Temple.
  5146 | D:7      | Reached *** piety under Okawaru
  5580 | D:8      | Noticed kwasso's ghost (novice DDFi)
  5622 | D:8      | Killed kwasso's ghost
  5622 | D:8      | Reached skill level 10 in Long Blades
  5980 | D:8      | Reached **** piety under Okawaru
  5999 | D:8      | Found Jiejitus's Antique Weapon Shoppe.
  6049 | D:8      | Found a radiant altar of Vehumet.
  6288 | D:9      | Noticed a troll
  6296 | D:9      | Noticed Erolcha
  6316 | D:9      | Reached XP level 10. HP: 81/82 MP: 10/10
  6377 | D:9      | Noticed Grum
  6385 | D:9      | Killed Grum
  6385 | D:9      | Reached skill level 11 in Long Blades
  6412 | D:9      | Cast into level 2 of the Abyss (Erolcha)
  6456 | Abyss:2  | Noticed a white draconian
  6457 | Abyss:2  | Noticed a yellow draconian
  6525 | Abyss:2  | Noticed a starcursed mass
  6551 | Abyss:2  | Noticed a large abomination
  6616 | Abyss:2  | Noticed a tentacled starspawn
  6629 | Abyss:2  | Killed a tentacled starspawn
  6631 | D:9      | Escaped the Abyss
  6649 | D:9      | Slain by Erolcha

Skill      XL: |  1  2  3  4  5  6  7  8  9 10 |
---------------+-------------------------------+-----
Throwing       | 2 3 |  3.0
Long Blades    | 3 4 5 6 9 10 11 | 11.8
Dodging        | 3 4 |  4.5
Fighting       | 3 4 5 6 8 9 |  9.4

Action                   |  1- 3 |  4- 6 |  7- 9 | 10-12 || total
-------------------------+-------+-------+-------+-------++-------
Melee: Long sword        |   121 |    77 |   294 |    28 ||   520
       Scimitar          |       |       |       |    32 ||    32
Throw: Throwing net      |     2 |     1 |       |     1 ||     4
Evoke: Wand              |       |       |       |     3 ||     3
  Use: Potion            |       |     4 |     1 |     1 ||     6
       Scroll            |       |     1 |    15 |     1 ||    17
 Stab: Held in net/web   |     1 |       |       |       ||     1
  Eat: Chunk             |     2 |     5 |    11 |     1 ||    19
Armor: Leather armour    |    22 |       |       |       ||    22
       Ring mail         |    27 |    32 |   110 |     9 ||   178
       Troll leather arm |       |       |       |    11 ||    11
Dodge: Dodged            |    61 |    36 |   148 |    31 ||   276
       Rpst.: Long sword |    19 |    13 |    50 |     4 ||    86
       Scimitar          |       |       |       |     2 ||     2
